Map: Lerilak Crest

Players

GoatDragon - Winner!

  • Race: Zerg Zerg
  • League: Platinum

LilDicky

  • Race: Terran Terran
  • League: Platinum

VOD

http://www.twitch.tv/tumescentpie

Description

Time

  • Played on: Nov. 20, 2015, 10:48 p.m.
  • Length: 7:02
Show
View Real Time Build Order
Export as new Build Order

GoatDragon Zerg - Winner!

Build Orders: 3 Hatch before Pool 

Get SALT Encoding   

  12  0:01  Drone  
  13  0:13  Overlord  
  13  0:17  Drone  
  14  0:31  Drone x2  
  16  0:40  Drone  
  17  0:53  Hatchery  
  17  0:56  Drone  
  17  1:00  Drone  
  18  1:23  Hatchery  
  17  1:28  Drone  
  17  1:32  Drone  
  19  1:38  Drone  
  20  1:46  Spawning Pool  
  19  1:58  Drone x2  
  21  2:09  Drone x2  
  23  2:17  Overlord  
  23  2:34  Queen x2  
  23  2:35  Zergling x2  
  23  2:36  Zergling x2  
  29  2:38  Drone x3  
  29  2:39  Drone  
  33  2:48  Drone x2  
  35  3:05  Queen  
  37  3:09  Overlord  
  37  3:10  Queen x2  
  41  3:16  Drone  
  41  3:17  Overlord  
  42  3:23  Extractor  
  42  3:25  Extractor  
  42  3:26  Extractor x2  
  38  3:31  Roach Warren  
  37  3:35  Drone x5  
  41  4:05  Drone  
  41  4:06  Drone x11  
  41  4:09  Overlord  
  52  4:42  Roach  
  52  4:43  Roach x6  
  52  4:44  Overlord  
  52  4:45  Overlord  
  66  4:52  Overlord  
  66  4:53  Overlord  
  66  4:54  Overlord  
  66  4:56  Metabolic Boost  
  66  5:05  Ravager  
  66  5:06  Ravager x2  
  69  5:12  Drone x3  
  69  5:13  Extractor  
  71  5:18  Ravager  
  72  5:21  Zergling x2  
  72  5:22  Zergling x16  
  72  5:27  Ravager  
  72  5:28  Ravager  
  78  5:49  Roach  
  70  5:50  Roach x9  
  70  5:57  Zergling x8  
  87  6:00  Drone  
  87  6:01  Drone x2  
  87  6:02  Extractor  
  91  6:25  Ravager x3  
  92  6:26  Ravager x3  
  92  6:28  Zergling x14  
  92  6:29  Zergling x2  
  92  6:32  Overlord x3  
  105  6:33  Overlord  
Show
View Real Time Build Order
Export as new Build Order

LilDicky Terran 

Build Orders: Command Center First (CC) 

Get SALT Encoding   

  12  0:01  SCV  
  13  0:13  SCV  
  14  0:23  Supply Depot  
  14  0:25  SCV  
  15  0:45  SCV  
  16  0:57  SCV  
  16  1:02  Command Center  
  17  1:10  SCV  
  18  1:35  SCV  
  18  2:00  SCV  
  19  2:08  Command Center  
  19  2:11  Command Center  
  19  2:12  SCV  
  20  2:35  SCV  
  21  2:38  SCV  
  22  2:45  Barracks  
  22  2:46  Barracks  
  22  2:47  SCV  
  23  2:54  SCV  
  24  3:02  SCV  
  25  3:06  SCV  
  25  3:12  Barracks x2  
  26  3:16  SCV  
  27  3:24  SCV  
  27  3:25  SCV x2  
  30  3:34  Orbital Command  
  30  3:47  Marine  
  30  3:48  Marine  
  24  4:04  Marine x2  
  24  4:05  Marine  
  24  4:07  Orbital Command  
  24  4:09  Orbital Command  
  27  4:16  Marine  
  26  4:18  SCV  
  26  4:21  Orbital Command  
  26  4:22  Marine x2  
  29  4:29  Marine  
  29  4:30  SCV  
  31  4:33  Refinery  
  31  4:36  SCV  
  31  4:37  Refinery  
  32  4:39  Marine  
  33  4:52  Marine x2  
  34  4:54  SCV x2  
  34  4:56  Bunker, Marine x2  
  39  5:06  Bunker  
  39  5:10  Marine  
  39  5:11  SCV x2  
  43  5:14  Marine  
  43  5:15  SCV, Marine  
  43  5:17  SCV  
  46  5:28  Marine x2  
  47  5:36  Barracks  
  47  5:38  Barracks  
  40  5:50  Marine x4  
  40  5:55  Bunker  
  38  5:57  SCV  
  38  5:58  SCV x2, Orbital Command  
  42  6:09  SCV  
  42  6:10  Marine  
  42  6:11  Marine x2  
  45  6:23  Marine  
  47  6:28  SCV x2, Marine  
  50  6:34  Marine  
  50  6:35  Barracks Tech Lab  
  50  6:36  Barracks Tech Lab, Bunker  
  50  6:39  Factory  
  50  6:42  Barracks  
  50  6:44  Barracks  
  50  6:45  Barracks  
  50  6:46  Barracks  
Tags
 
Add a new tag
Caveats
  • Supply blocks, unpowered buildings, or Contaminate may cause inaccurate times.
  • Supply counts are checked every 10 seconds.